Map: [ESL] Babylon

Players

GunGFuBanDa

  • Race: Protoss Protoss
  • Spawn Location: 11:00

Bly - Winner!

  • Race: Zerg Zerg
  • Spawn Location: 5:00

Event: ESL SC2 Masters 2023 Summer (Regionals)

VOD

Have the link to the VOD?

Description

Time

  • Played on: May 7, 2023, 12:45 p.m.
  • Length: 11:50

All games in this series

Show
View Real Time Build Order
Export as new Build Order

GunGFuBanDa Protoss 

Build Orders:  

Get SALT Encoding   

  12  0:00  Probe  
  13  0:12  Probe  
  14  0:17  Pylon  
  14  0:24  Probe (Chrono Boost)  
  16  0:36  Probe (Chrono Boost)  
  16  0:39  Gateway  
  16  0:45  Probe (Chrono Boost)  
  16  0:49  Assimilator  
  17  0:55  Probe  
  18  1:07  Probe  
  19  1:19  Probe  
  20  1:26  Zealot (Chrono Boost)  
  20  1:30  Cybernetics Core  
  20  1:31  Pylon  
  20  1:32  Probe  
  23  1:49  Probe, Zealot  
  26  2:02  Probe  
  27  2:14  Probe  
  28  2:18  Warp Gate  
  28  2:21  Assimilator  
  28  2:25  Pylon  
  28  2:29  Adept (Chrono Boost)  
  28  2:30  Nexus  
  28  2:36  Probe  
  31  2:48  Probe  
  31  2:51  Adept  
  34  3:00  Probe  
  34  3:01  Twilight Council  
  35  3:12  Probe  
  36  3:24  Probe  
  37  3:32  Resonating Glaives (Chrono Boost)  
  37  3:34  Gateway  
  37  3:38  Probe (Chrono Boost)  
  38  3:42  Gateway  
  38  3:44  Probe (Chrono Boost), Gateway  
  39  3:53  Probe x2 (Chrono Boost)  
  41  3:58  Probe  
  41  4:00  Probe  
  43  4:07  Stalker  
  45  4:11  Probe  
  45  4:13  Probe  
  45  4:14  Robotics Facility  
  47  4:18  Pylon  
  47  4:23  Probe  
  48  4:25  Probe  
  48  4:26  Pylon  
  49  4:35  Probe, Adept, Pylon  
  49  4:37  Probe  
  53  4:38  Adept  
  53  4:40  Adept  
  57  4:46  Adept  
  57  4:47  Probe  
  60  5:00  Adept x3  
  65  5:09  Probe  
  60  5:17  Nexus  
  60  5:19  Probe, Adept  
  62  5:31  Probe (Chrono Boost)  
  62  5:32  Probe (Chrono Boost)  
  64  5:36  Assimilator  
  64  5:38  Assimilator  
  64  5:39  Sentry  
  64  5:41  Probe (Chrono Boost)  
  64  5:42  Probe (Chrono Boost)  
  68  5:46  Probe (Chrono Boost)  
  69  5:50  Probe, Pylon  
  70  5:57  Immortal (Chrono Boost)  
  70  5:58  Probe  
  70  6:02  Probe  
  76  6:10  Probe  
  77  6:14  Probe  
  78  6:19  Forge  
  82  6:36  Blink (Chrono Boost)  
  82  6:38  Stalker  
  82  6:39  Probe (Chrono Boost)  
  85  6:44  Shield Battery  
  85  6:45  Probe (Chrono Boost)  
  85  6:48  Immortal  
  85  6:50  Probe (Chrono Boost), Pylon  
  86  6:54  Probe (Chrono Boost), Shield Battery  
  86  6:55  Probe (Chrono Boost)  
  86  6:57  Pylon, Zealot  
  86  6:58  Probe (Chrono Boost)  
  90  7:02  Probe  
  90  7:04  Pylon  
  91  7:12  Probe  
  91  7:13  Probe  
  93  7:16  Stalker, Protoss Ground Weapons Level 1 (Chrono Boost)  
  93  7:17  Stalker  
  93  7:20  Probe  
  93  7:22  Stalker  
  96  7:31  Zealot  
  96  7:33  Immortal (Chrono Boost)  
  96  7:35  Probe x2  
  93  7:38  Probe  
  93  7:41  Zealot  
  93  7:42  Zealot  
  96  7:47  Probe  
  91  7:55  Stalker x2  
  77  8:08  Shield Battery  
  77  8:09  Immortal (Chrono Boost)  
  77  8:14  Probe  
  77  8:15  Probe  
  72  8:21  Stalker  
  72  8:22  Stalker x2  
  72  8:23  Zealot  
  80  8:28  Probe  
  80  8:29  Shield Battery  
  80  8:30  Probe  
  82  8:38  Pylon  
  82  8:40  Pylon  
  82  8:51  Pylon  
  82  8:59  Observer  
  82  9:00  Sentry  
  86  9:05  Pylon  
  86  9:08  Pylon x2, Stalker x2  
  66  9:33  Zealot  
  66  9:35  Stalker x3  
  66  9:37  Observer  
  74  9:41  Robotics Bay  
  74  10:03  Stalker x4  
  77  10:26  Sentry  
  77  10:27  Stalker x3  
  84  10:46  Pylon  
  84  11:02  Nexus  
  84  11:03  Disruptor (Chrono Boost)  
  87  11:05  Pylon  
  87  11:09  Nexus  
  87  11:19  Sentry x2  
  87  11:20  Stalker  
  93  11:29  Shield Battery  
  94  11:43  Pylon  
Show
View Real Time Build Order
Export as new Build Order

Bly Zerg - Winner!

Build Orders: 3 Hatch before Pool, Swarm Host 

Get SALT Encoding   

  12  0:00  Drone  
  13  0:12  Overlord  
  13  0:17  Drone  
  14  0:31  Drone x2  
  16  0:48  Drone  
  17  0:54  Drone  
  18  1:02  Hatchery  
  17  1:19  Hatchery  
  17  1:23  Drone  
  17  1:25  Drone  
  18  1:29  Drone  
  19  1:36  Extractor  
  18  1:45  Spawning Pool  
  17  1:48  Drone  
  17  1:52  Drone  
  19  1:57  Drone  
  20  2:05  Overlord  
  20  2:14  Evolution Chamber  
  20  2:22  Overlord  
  20  2:32  Queen x2  
  20  2:33  Zergling x6  
  20  2:36  Zergling x2  
  28  2:44  Metabolic Boost  
  28  2:50  Zergling x2  
  31  2:51  Drone x2  
  31  2:59  Drone  
  31  3:07  Drone x2  
  31  3:08  Queen  
  35  3:13  Drone  
  35  3:19  Lair  
  36  3:28  Drone  
  36  3:29  Drone x2  
  39  3:40  Drone x4, Overlord  
  43  3:44  Overlord  
  43  3:58  Queen  
  43  4:00  Overlord, Drone  
  43  4:01  Drone x2  
  48  4:06  Drone  
  48  4:09  Extractor  
  48  4:14  Overlord  
  48  4:20  Drone x7  
  48  4:22  Extractor  
  48  4:23  Extractor  
  53  4:27  Infestation Pit  
  54  4:38  Drone x2  
  54  4:43  Evolution Chamber  
  54  4:44  Roach Warren  
  52  4:47  Overseer  
  54  4:52  Drone x2  
  54  4:53  Drone x2  
  54  4:59  Overlord  
  56  5:08  Hatchery  
  56  5:13  Evolution Chamber  
  53  5:18  Swarm Host x4  
  53  5:20  Spine Crawler  
  61  5:30  Roach x5  
  71  5:36  Nydus Network  
  70  5:45  Glial Reconstitution  
  70  5:49  Drone x3  
  73  6:00  Drone x2  
  73  6:01  Overlord x2  
  75  6:08  Drone x2  
  75  6:09  Swarm Host x2  
  83  6:14  Nydus Canal  
  83  6:19  Overlord x2  
  83  6:21  Overlord  
  83  6:22  Overseer  
  83  6:33  Swarm Host x3  
  83  6:35  Overlord  
  92  6:55  Swarm Host x3  
  101  7:04  Nydus Canal  
  101  7:09  Hatchery, Overlord  
  101  7:14  Roach x6  
  112  7:21  Nydus Canal  
  112  7:37  Roach x7  
  112  7:43  Nydus Canal  
  115  7:52  Zergling x14  
  122  8:02  Roach x2  
  117  8:15  Roach x7  
  117  8:17  Zergling x2  
  128  8:26  Zergling x4  
  119  8:42  Nydus Canal  
  118  8:49  Queen x3  
  118  8:53  Overlord  
  124  8:58  Roach x5  
  124  8:59  Roach  
  134  9:17  Overlord  
  134  9:32  Drone x9  
  134  9:34  Extractor x2  
  134  9:36  Spire  
  140  9:45  Hatchery  
  138  9:47  Overlord  
  138  9:48  Overlord x2  
  134  9:56  Spore Crawler  
  134  9:57  Spore Crawler x2  
  131  10:01  Zergling x16  
  131  10:02  Zergling x2  
  140  10:11  Overlord  
  140  10:23  Drone x6  
  146  10:41  Overlord  
  146  10:50  Mutalisk  
  146  10:51  Mutalisk x9  
  166  10:58  Overseer  
  166  11:06  Ravager x9  
  173  11:25  Spine Crawler x3  
  170  11:40  Ravager  
  170  11:41  Ravager x6  
Tags
 
Add a new tag
Caveats
  • Supply blocks, unpowered buildings, or Contaminate may cause inaccurate times.
  • Supply counts are checked every 10 seconds.